 Dungeon Crawl Stone Soup version 0.28.0-53-g5a82cb258f (webtiles) character file.

Game seed: 1720114898240184575

298 LynnLen the Covert (level 6, 0/32 HPs)
             Began as a Vampire Enchanter on July 26, 2022.
             Slain by a gnoll
             ... wielding a +0 halberd
              (12 damage)
             ... on level 4 of the Dungeon on July 28, 2022.
             The game lasted 00:14:30 (4489 turns).

LynnLen the Covert (Vampire Enchanter)              Turns: 4489, Time: 00:14:30

Health: 0/32       AC:  6    Str:  7    XL:     6   Next: 13%
Magic:  9/9        EV: 12    Int: 20    God:
Gold:   144        SH:  0    Dex: 16    Spells: 5/10 levels left

rFire   x . .      SeeInvis +   a - +1 dagger
rCold   + + +      Faith    .   (no shield)
rNeg    + + +      Spirit   .   m - +2 leather armour
rPois   ∞          Reflect  .   (helmet restricted)
rElec   .          Harm     .   o - +0 cloak
rCorr   .          Rampage  .   (no gloves)
Will    .....      Clarity  +   (no boots)
Stlth   ++++++....              (no amulet)
HPRegen 0.00/turn               i - ring of flight
MPRegen 0.11/turn               h - ring of ice

@: flying, bloodless, inhibited regen
A: bloodless, fangs 3, see invisible, vampiric 2, antennae 1, clarity, clever 1
a: Bat Form, Revivify


You were on level 4 of the Dungeon.
You visited 1 branch of the dungeon, and saw 4 of its levels.

You collected 144 gold pieces.

Inventory:

Hand Weapons
 a - a +1 dagger (weapon)
Missiles
 q - a throwing net (quivered)
Armour
 f - a +0 helmet
 m - a +2 leather armour (worn)
 o - a +0 cloak (worn)
Jewellery
 h - a ring of ice (right hand)
 i - a ring of flight (left hand)
 n - a ring of protection from cold
Scrolls
 g - a scroll of fear
Potions
 c - a potion of berserk rage {unknown}
 d - 2 potions of cancellation
 e - a potion of ambrosia {unknown}
 j - 2 potions of lignification
 k - a potion of heal wounds {unknown}
 p - a potion of might {unknown}


   Skills:
 + Level 2.5 Short Blades
 * Level 3.6 Dodging
 * Level 8.3 Stealth
 + Level 2.6 Spellcasting
 + Level 4.8 Hexes


You had 5 spell levels left.
You knew the following spells:

 Your Spells              Type           Power      Damage    Failure   Level
a - Confusing Touch       Hex            22%        N/A       9%          3
b - Ensorcelled Hibernat  Hex/Ice        36%        N/A       12%         2

Your spell library contained the following spells:

 Spells                   Type           Power      Damage    Failure   Level
 Tukima's Dance           Hex            22%        N/A       9%          3
 Sandblast                Erth           4%         2d4       22%         1
 Dazzling Flash           Conj/Hex       24%        N/A       24%         3
 Passwall                 Tmut/Erth      1%         N/A       34%         2
 Stone Arrow              Conj/Erth      4%         3d7       56%         3


Dungeon Overview and Level Annotations

Branches:
Dungeon (4/15)
 Temple: D:4-7

Altars:
Gozag

Annotations:
D:3 3 runed translucent doors, Kazon's ghost, weakling KoFi


Innate Abilities, Weirdness & Mutations

You do not regenerate when monsters are visible.
You are frail without blood (-20% HP).
You can heal yourself when you bite living creatures.
You are immune to poison.
You have razor-sharp teeth.
You have supernaturally acute eyesight. (SInv)
You are afflicted with vampirism and can become a bat while bloodless.
You have a pair of small antennae on your head.
You possess an exceptional clarity of mind.
Your mind is acute. (Int +2)


Message History

The hound barks!
The gnoll shouts!
The hound pauses to sniff the ground.
The gnoll hits you with a +0 halberd. The gnoll closely misses you.
The hound bites you but does no damage. The hound bites you but does no damage.
You closely miss the hound. The hound closely misses you. The hound misses you.
The gnoll hits you from afar with a +0 halberd.
You hit the hound.
The hound is lightly wounded.
The hound barely misses you.
You closely miss the hound.
The hound is lightly wounded.
The hound barely misses you. The gnoll barely misses you.
You hit the hound but do no damage.
The hound is lightly wounded.
The hound barely misses you.
The gnoll hits you from afar with a +0 halberd!
The hound closely misses you.
You hit the hound.
The hound is moderately wounded.
The hound misses you. The gnoll closely misses you.
You hit the hound but do no damage.
The hound is moderately wounded.
The hound bites you. The gnoll closely misses you. The hound barely misses you.
You hit the hound but do no damage.
The hound is moderately wounded.
The gnoll barely misses you. The hound bites you.
You hit the hound but do no damage.
The hound is moderately wounded.
The hound bites you.
The gnoll hits you from afar with a +0 halberd.
* * * LOW HITPOINT WARNING * * *
You feel better. The hound barely misses you.
The gnoll hits you from afar with a +0 halberd!
* * * LOW HITPOINT WARNING * * *
The hound misses you.
You feel better. The hound bites you.
The gnoll hits you from afar with a +0 halberd!
You die...

##.............#
#.......).......
##...............
#!............###
##..........### #
##......#### ##
#### ##.#g### .##
###..## ###h#
#.####.....## #@##
##..#...>...####.#
##..#.......##.##
##..#......#..# ##
##.......†#.## .##
###........# ..##
##...##)## ...##
##.....# ....##
##...##


You could see a hound and a gnoll.

Vanquished Creatures
  A black bear (D:4)
  2 orc priests
  2 gnolls (D:4)
  3 adders
  An ufetubus (D:4)
  2 worms (D:3)
  2 dart slugs
  6 orcs
  7 ball pythons
  9 endoplasms
  3 giant cockroaches
  5 goblins
  8 hobgoblins
  6 jackals (D:2)
  5 quokkas
  2 bats
  3 frilled lizards
  6 kobolds
  8 rats
81 creatures vanquished.

Notes
Turn   | Place    | Note
-------+----------+-------------------------------------------
     0 | D:1      | LynnLen the Vampire Enchanter began the quest for the Orb.
     0 | D:1      | Reached XP level 1. HP: 13/13 MP: 3/3
   394 | D:1      | Found a faded altar of an unknown god.
   501 | D:1      | Reached skill level 5 in Stealth
   563 | D:1      | Reached XP level 2. HP: 15/15 MP: 5/5
  1239 | D:2      | Gained mutation: You are afflicted with vampirism and can
                  | become a bat while bloodless. [Vampire growth]
  1239 | D:2      | Reached XP level 3. HP: 16/19 MP: 6/6
  1534 | D:2      | Reached skill level 6 in Stealth
  1697 | D:1      | Learned a level 3 spell: Confusing Touch
  1700 | D:1      | Learned a level 2 spell: Ensorcelled Hibernation
  1824 | D:2      | Found an opulent altar of Gozag.
  2363 | D:3      | Found a runed translucent gate.
  2363 | D:3      | Found a runed translucent gate.
  2363 | D:3      | Found a runed translucent gate.
  2503 | D:3      | Noticed Kazon's ghost (weakling KoFi)
  2891 | D:3      | Reached XP level 4. HP: 24/24 MP: 3/7
  3030 | D:3      | Reached skill level 7 in Stealth
  3670 | D:4      | Noticed a black bear
  3683 | D:4      | Killed a black bear
  3684 | D:4      | Reached XP level 5. HP: 23/28 MP: 5/8
  3941 | D:4      | Noticed a necrophage
  3949 | D:4      | Gained mutation: You are frail. (-10% HP) [potion of
                  | mutation]
  3949 | D:4      | Gained mutation: You have a pair of small horns on your
                  | head. [potion of mutation]
  4064 | D:3      | Lost mutation: You are frail. (-10% HP) [potion of
                  | mutation]
  4064 | D:3      | Lost mutation: You have a pair of small horns on your head.
                  | [potion of mutation]
  4064 | D:3      | Gained mutation: Your mind is acute. (Int +2) [potion of
                  | mutation]
  4064 | D:3      | Gained mutation: You possess an exceptional clarity of
                  | mind. [potion of mutation]
  4064 | D:3      | Gained mutation: You have a pair of small antennae on your
                  | head. [potion of mutation]
  4317 | D:4      | Reached skill level 8 in Stealth
  4317 | D:4      | Reached XP level 6. HP: 32/32 MP: 5/9
  4489 | D:4      | Slain by a gnoll

Illustrated notes

Levels and vault maps discovered:
D:1:      saegor_arrival_simple_e, layout_loops_corners,
          dreamdust_ecumenical_altar_hidden_monk_grotto
D:2:      layout_rooms, basic_altar, minmay_split_cup_large
D:3:      layout_loops_cross, gammafunk_ghost_icy,
          nicolae_concentric_dashed_squares_mild, dk_noncrumbling_4,
          corexii_shack
D:4:      layout_cave_pods, nzn_overflow_gifts_of_might_and_magic

Skill      XL: |  1  2  3  4  5 |
---------------+----------------+-----
Stealth        | 5 6 7 8 |  8.3
Short Blades   | 2 |  2.5
Dodging        | 3 |  3.6
Spellcasting   | |  2.6
Hexes          | |  4.8

Action                   |  1- 3 |  4- 6 || total
-------------------------+-------+-------++-------
Melee: Dagger            |   165 |   120 ||   285
       Punch             |     3 |     1 ||     4
       Bite              |     9 |    12 ||    21
 Cast: Confusing Touch   |     6 |    10 ||    16
       Ensorcelled Hiber |     1 |       ||     1
 Abil: Exsanguinate      |     1 |       ||     1
  Use: Scroll            |     6 |     5 ||    11
       Potion            |       |     5 ||     5
 Stab: Sleeping          |    16 |    11 ||    27
       Confused          |     1 |     7 ||     8
       Invisible         |       |     1 ||     1
Armor: Robe              |    15 |       ||    15
       Leather armour    |    29 |    46 ||    75
Dodge: Dodged            |    91 |    82 ||   173
